 Dungeon Crawl Stone Soup version 0.26.1-2-gb8aa6d0cf2 (webtiles) character file.

Game seed: 15337107989652136395

158608 Goaboa the Imperceptible (level 17, -5/91 HPs)
             Began as a Spriggan Enchanter on Feb 19, 2021.
             Was an Initiate of Gozag.
             Killed from afar by Nikola (9 damage)
             ... with a chain lightning
             ... on level 4 of the Spider Nest.
             The game lasted 04:39:23 (42969 turns).

Goaboa the Imperceptible (Spriggan Enchanter)      Turns: 42969, Time: 04:39:25

Health: -5/91      AC:  7    Str:  4    XL:     17   Next: 14%
Magic:  34/34      EV: 39    Int: 24    God:    Gozag
Gold:   5407       SH: 14    Dex: 25    Spells: 18/41 levels left

rFire    + . .     SeeInvis +   p - +8 dagger (elec)
rCold    . . .     Faith    .   s - +3 buckler {AC+3}
rNeg     + . .     Spirit   .   S - +2 robe "Ywkoezup" {rPois Dex+3}
rPois    +         Reflect  +   (helmet restricted)
rElec    +         Harm     .   F - scarf {shadows}
rCorr    .         Rampage  .   (gloves unavailable)
Will     ++...                  (boots unavailable)
Stlth    ++++++++++             D - amulet of Qorutamm {Reflect Int+3 SH+5}
HPRegen  0.25/turn              d - ring of Dexith {rElec rF+ rN+ Dex-2 Stlth+}
MPRegen  0.24/turn              e - ring "Huheklie" {Dex+3 Slay+4}

@: very quick
A: very small, unfitting armour, horns 1, thin skeletal structure 1, see
invisible, speed 3, no potion heal 1
a: Renounce Religion, Potion Petition, Call Merchant, Bribe Branch


You were on level 4 of the Spider Nest.
You worshipped Gozag.
Gozag was greatly pleased with you.
You visited 6 branches of the dungeon, and saw 28 of its levels.
You also visited: Sewer, Ice Cave and Volcano.

You collected 13156 gold pieces.
You spent 3603 gold pieces at shops.
You paid 4146 gold pieces to Gozag.

Inventory:

Hand Weapons
 p - a +8 dagger of electrocution (weapon)
Missiles
 r - 3 curare-tipped darts
 w - a throwing net
Armour
 k - a +1 cloak of fire resistance
 m - the +2 robe "Womniess" {rF+}
   (You bought it in a shop on level 3 of the Lair of Beasts)

   It protects you from fire.
 s - a +3 buckler of protection (worn)
 F - a scarf of shadows (worn)
 S - the +2 robe "Ywkoezup" (worn) {rPois Dex+3}
   (You bought it in a shop on level 3 of the Lair of Beasts)

   It affects your dexterity (+3).
   It protects you from poison.
Jewellery
 a - an uncursed ring of resist corrosion
 c - the ring of Fedhas's Pride {rC++ rN+ Dex+2 Stlth-}
   (You found it on level 6 of the Lair of Beasts)

   [ring of attention]

   It affects your dexterity (+2).
   It greatly protects you from cold.
   It protects you from negative energy.
   It makes you less stealthy.
 d - the ring of Dexith (left hand) {rElec rF+ rN+ Dex-2 Stlth+}
   (You bought it in a shop on level 2 of the Orcish Mines)

   [ring of stealth]

   It affects your dexterity (-2).
   It protects you from fire.
   It insulates you from electricity.
   It protects you from negative energy.
   It makes you more stealthy.
 e - the ring "Huheklie" (right hand) {Dex+3 Slay+4}
   (You bought it in a shop on level 8 of the Dungeon)

   [ring of slaying]

   It affects your dexterity (+3).
   It affects your accuracy and damage with ranged weapons and melee attacks
   (+4).
 i - an uncursed ring of protection from fire
 x - a +6 ring of strength
 D - the amulet of Qorutamm (around neck) {Reflect Int+3 SH+5}
   (You bought it in a shop on level 10 of the Dungeon)

   [amulet of reflection]

   It shields you and reflects attacks.
   It affects your intelligence (+3).
   It affects your SH (+5).
 E - an uncursed ring of stealth
 N - an uncursed ring of protection from cold {unknown}
 R - the ring of Uchuown {Ice *Contam +Inv rPois Slay+5}
   (You found it on level 4 of the Lair of Beasts)

   [ring of ice]

   It enhances your ice magic.
   It affects your accuracy and damage with ranged weapons and melee attacks
   (+5).
   It makes you vulnerable to fire.
   It protects you from cold.
   It protects you from poison.
   It lets you turn invisible.
   It causes magical contamination when unequipped.
 X - an uncursed ring of magical power
Wands
 t - a wand of paralysis (22)
 u - a wand of enslavement (43)
 G - a wand of acid (11)
 I - a wand of iceblast (12)
 U - a wand of digging (5)
 Z - a wand of random effects (37)
Scrolls
 f - 9 scrolls of remove curse
 h - 2 scrolls of summoning
 j - 4 scrolls of magic mapping
 l - 5 scrolls of fog
 n - a scroll of fear
 v - 9 scrolls of teleportation
 y - a scroll of amnesia
 A - a scroll of blinking
 B - 4 scrolls of identify
 K - a scroll of immolation
 V - 2 scrolls of holy word
 Y - a scroll of torment
Potions
 b - 6 potions of curing
 g - 7 potions of flight
 o - 3 potions of heal wounds
 q - 8 potions of brilliance
 z - 2 potions of haste
 C - 4 potions of lignification
 H - a potion of cancellation
 J - 14 potions of ambrosia
 L - 4 potions of berserk rage
 M - a potion of resistance
 O - a potion of magic
 P - a potion of might


   Skills:
 + Level 11.2 Fighting
 - Level 10.0 Short Blades
 + Level 20.6 Dodging
 - Level 21.1 Stealth
 + Level 12.6 Spellcasting
 + Level 15.4 Hexes
 + Level 4.8 Translocations


You had 18 spell levels left.
You knew the following spells:

 Your Spells              Type           Power        Failure   Level
a - Cause Fear            Hex            22%          1%          4
b - Blink                 Tloc           N/A          1%          2
c - Confusing Touch       Hex            44%          1%          3
d - Tukima's Dance        Hex            44%          1%          3
e - Ensorcelled Hibernat  Hex/Ice        52%          1%          2
f - Dazzling Flash        Conj/Hex       52%          1%          3
g - Gell's Gravitas       Tloc           9%           2%          3
h - Lesser Beckoning      Tloc           9%           2%          3

Your spell library contained the following spells:

 Spells                   Type           Power        Failure   Level
 Corona                   Hex            48%          0%          1
 Inner Flame              Hex/Fire       26%          1%          3
 Summon Guardian Golem    Hex/Summ       26%          1%          3
 Teleport Other           Tloc           19%          2%          3
 Animate Skeleton         Necr           14%          7%          1
 Beastly Appendage        Tmut           14%          7%          1
 Foxfire                  Conj/Fire      28%          7%          1
 Pain                     Necr           28%          7%          1
 Summon Small Mammal      Summ           28%          7%          1
 Silence                  Hex/Air        13%          8%          5
 Summon Mana Viper        Hex/Summ       26%          8%          5
 Yara's Violent Unravell  Hex/Tmut       13%          8%          5
 Passage of Golubria      Tloc           N/A          10%         4
 Call Imp                 Summ           7%           11%         2
 Wereblood                Tmut           7%           11%         2
 Call Canine Familiar     Summ           7%           21%         3
 Conjure Flame            Conj/Fire      7%           21%         3
 Spider Form              Tmut/Pois      3%           21%         3
 Vampiric Draining        Necr           3%           21%         3
 Animate Dead             Necr           3%           56%         4
 Ice Form                 Ice/Tmut       7%           56%         4
 Sticky Flame             Conj/Fire      7%           56%         4
 Summon Ice Beast         Ice/Summ       7%           56%         4
 Summon Lightning Spire   Summ/Air       7%           56%         4
 Summon Forest            Summ/Tloc      6%           56%         5
 Discord                  Hex            22%          61%         8
 Agony                    Necr           7%           88%         5
 Blade Hands              Tmut           3%           88%         5
 Fireball                 Conj/Fire      3%           88%         5
 Irradiate                Conj/Tmut      3%           88%         5
 Summon Demon             Summ           3%           88%         5
 Hydra Form               Tmut           3%           100%        6
 Shadow Creatures         Summ           N/A          100%        6
 Statue Form              Tmut/Erth      4%           100%        6
 Dragon Form              Tmut           3%           100%        7
 Summon Hydra             Summ           3%           100%        7


Dungeon Overview and Level Annotations

Branches:
Dungeon (14/15)            Temple (0/1) D:4            Lair (6/6) D:9
  Swamp (1/4) Lair:2       Spider (4/4) Lair:4        Slime (1/5) Lair:5
    Orc (2/2) D:9             Elf (0/3) Orc:2        Vaults (0/5) D:13
  Sewer (visited)           IceCv (visited)         Volcano (visited)

Altars:
Cheibriados
Dithmenos
Elyvilon
Gozag
Makhleb
Ru
Sif Muna
Vehumet
Xom

Shops:
D:6 !   D:8 =   D:10 ((=**[(   Orc:2 *[??=   Lair:3 [

Annotations:
Lair:1 exclusion: oklob plant
Lair:4 1 runed translucent door
Spider:3 3 runed translucent doors, Qyadack's ghost, adept HOFi; Vubreenic's ghost, adept CeHu; Zosacw's ghost, adept HaHu; brucemayne's ghost, journeyman HOMo
Spider:4 Arachne; Nikola


Innate Abilities, Weirdness & Mutations

You are very small and have problems with some larger weapons.
You are too small for most types of armour.
You have supernaturally acute eyesight. (SInv)
You cover ground extremely quickly.
You have a pair of small horns on your head.
You have a somewhat thin skeletal structure. (Dex +2, Stealth)
Potions are less effective at restoring your health.


Message History

The emperor scorpion claws you.
* * * LOW HITPOINT WARNING * * *
You block the emperor scorpion's attack.
You hear an angry hiss.
An orb of destruction comes into view.
Blink to where?
Press: ? - help, Dir - move target
As you read the scroll of blinking, it crumbles to dust.
You now have 5407 gold pieces (gained 7).
Nikola shouts!
Nikola mumbles some strange words.
Nikola blinks!
Nikola warns, "If you see one of my golems, approach with caution, they bite."
Nikola gestures wildly while chanting.
You hear a mighty clap of thunder!
The lightning arc hits you! You resist.
* * * LOW HITPOINT WARNING * * *
The lightning arc hits Nikola.
The lightning arc hits you! You resist.
You die...
Your body crumbles into a pile of gold.

......###..^#
...#.##.#...# ..
###^....## $ . #.##....# $
####.......##
#...........#
#.........####
#....#....#..##
#..###.@.###..#
####.^#...<.@....#
####.^####...ยง.....###
#..#^....##..#.....#[##
#..##.....####^..^...^#
###...#.^...).###.......#
##.#.....#.#...^......#.##
^#....:..###..........###
.#.....^## ##....##...^##


You could see Nikola.

Vanquished Creatures
  Rupert (D:13)
  5 ghost moths
  4 emperor scorpions
  2 entropy weavers
  An ettin (Orc:1)
  A fire dragon (Volcano)
  A boulder beetle (Lair:3)
  5 hydras
  A merfolk avatar (Lair:6)
  A vault guard (D:13)
  2 two-headed ogres
  3 centaur warriors (D:13)
  8 death yaks
  5 orc high priests (Orc:2)
  A fire crab (Lair:6)
  2 sea snakes (Lair:6)
  2 unseen horrors (D:14)
  A lindwurm (Lair:5)
  Pikel (D:7)
  A necromancer (IceCv)
  2 cyclopes
  23 wolf spiders
  7 orc knights
  16 orb spiders
  An orc sorcerer (Orc:1)
  2 salamanders (Volcano)
  3 manticores
  18 ugly things
  34 elephants
  6 black mambas
  3 centaur zombies
  A moth of wrath (Spider:2)
  An ice statue (IceCv)
  2 torpor snails (Spider:1)
  17 cane toads
  A gargoyle (D:13)
  5 kobold demonologists
  An efreet (D:14)
  A yaktaur (D:13)
  15 komodo dragons
  A freezing wraith (D:14)
  4 rime drakes
  11 ice devils (IceCv)
  A tengu conjurer (D:13)
  8 demonic crawlers
  7 trolls
  27 jumping spiders
  2 polar bears
  3 meliai (D:14)
  9 blink frogs
  A wolf spider simulacrum (D:14)
  A wind drake (Lair:6)
  A queen bee (D:11)
  8 hornets
  19 slime creatures
  14 wyverns
  Sigmund (D:2)
  A shadow (D:13)
  6 spriggans (Lair:6)
  50 yaks
  A vampire (D:14)
  5 fire bats (Volcano)
  60 redbacks
  2 basilisks
  27 tarantellas
  A human (D:13)
  5 steam dragons
  Grum (D:8)
  3 vampire mosquitoes
  Menkaure (D:7)
  2 swamp worms (Lair:2)
  2 wargs (Orc:1)
  An acid dragon (D:11)
  9 water moccasins
  33 orc warriors
  8 sky beasts
  3 ice beasts
  2 phantoms
  11 ogres
  2 necrophages
  The ghost of Quickbrownfox the Bolt Thrower, an amateur MiHu of Wu Jian (D:3)
  2 black bears
  6 wolves
  An eye of draining (D:10)
  16 centaurs
  14 big kobolds
  17 bullfrogs
  A wyvern zombie (D:10)
  2 wyvern skeletons
  7 scorpions
  26 killer bees
  13 wights
  3 howler monkeys
  5 electric eels
  A draconian simulacrum (IceCv)
  A jelly (D:9)
  A quasit (D:7)
  4 hounds
  22 orc priests
  6 centaur skeletons
  27 orc wizards
  Ijyb (D:4)
  4 iguanas
  2 hell rats (D:9)
  11 worker ants
  3 spriggan simulacra (IceCv)
  2 troll simulacra (IceCv)
  A centaur simulacrum (IceCv)
  A hound zombie (D:7)
  4 hound skeletons
  7 gnolls
  A howler monkey skeleton (D:4)
  17 adders
  2 naga simulacra (IceCv)
  An ogre simulacrum (IceCv)
  4 river rats (D:9)
  2 shadow imps
  A white imp (D:10)
  3 ufetubi
  2 oozes (Sewer)
  An adder skeleton (D:9)
  6 worms
  A dart slug (D:2)
  7 leopard geckos
  63 orcs
  7 giant cockroaches
  9 goblins
  9 hobgoblins
  13 jackals
  3 quokkas
  5 ball pythons
  11 bats
  6 frilled lizards
  44 kobolds
  A leopard gecko skeleton (D:5)
  7 rats
999 creatures vanquished.

Vanquished Creatures (collateral kills)
  A fire dragon (D:14)
  4 vault guards (D:13)
  A two-headed ogre (D:12)
  An ogre mage (D:13)
  A salamander (Volcano)
  A gargoyle (D:14)
  2 orc warriors (Orc:2)
  4 wights (D:13)
  3 orc priests
  2 orc wizards
  28 orcs
  A ball python (D:2)
49 creatures vanquished.

Vanquished Creatures (others)
  A wyvern (Volcano)
  A yak (D:10)
  24 dancing weapons
  A bush (Lair:6)
  28 fungi
  139 plants
  10 toadstools (Lair:4)
204 creatures vanquished.

Grand Total: 1252 creatures vanquished

Notes
Turn   | Place    | Note
-------+----------+-------------------------------------------
     0 | D:1      | Goaboa the Spriggan Enchanter began the quest for the Orb.
     0 | D:1      | Reached XP level 1. HP: 9/9 MP: 5/5
   555 | D:1      | Reached XP level 2. HP: 14/14 MP: 3/6
   662 | D:1      | Learned a level 2 spell: Ensorcelled Hibernation
  1583 | D:2      | Reached XP level 3. HP: 17/17 MP: 4/8
  1587 | D:2      | Learned a level 3 spell: Tukima's Dance
  2178 | D:2      | Reached skill level 5 in Stealth
  2389 | D:2      | Noticed Sigmund
  2395 | D:2      | Killed Sigmund
  2396 | D:2      | Reached skill level 1 in Fighting
  2396 | D:2      | Reached skill level 6 in Stealth
  2396 | D:2      | Reached XP level 4. HP: 22/22 MP: 4/10
  2396 | D:2      | Reached XP level 5. HP: 25/25 MP: 4/11
  2510 | D:2      | Reached skill level 5 in Dodging
  2543 | D:2      | Learned a level 3 spell: Confusing Touch
  2836 | D:3      | Found a glowing drain.
  2868 | Sewer    | Entered a sewer
  3051 | Sewer    | Reached XP level 6. HP: 30/30 MP: 1/12
  3801 | Sewer    | Reached skill level 7 in Stealth
  3843 | Sewer    | Reached XP level 7. HP: 26/34 MP: 12/14
  4530 | D:3      | Reached skill level 5 in Hexes
  4714 | D:3      | Found a runed translucent gate.
  4714 | D:3      | Found a runed translucent gate.
  4714 | D:3      | Found an opulent altar of Gozag.
  4715 | D:3      | Found a runed translucent gate.
  4716 | D:3      | Noticed Quickbrownfox's ghost (amateur MiHu)
  4760 | D:3      | Killed Quickbrownfox's ghost
  4761 | D:3      | Reached skill level 8 in Stealth
  4802 | D:3      | Became a worshipper of Gozag Ym Sagoz the Greedy
  5420 | D:4      | Reached XP level 8. HP: 32/39 MP: 0/15
  5669 | D:4      | Noticed Ijyb
  5694 | D:4      | Killed Ijyb
  5861 | D:4      | Found a staircase to the Ecumenical Temple.
  6221 | D:5      | Entered Level 5 of the Dungeon
  6230 | D:5      | Found a radiant altar of Vehumet.
  6272 | D:5      | Reached skill level 9 in Stealth
  6492 | D:5      | Reached skill level 5 in Spellcasting
  7103 | D:5      | Found a shimmering altar of Xom.
  7103 | D:5      | Found a faded altar of an unknown god.
  7110 | D:5      | Found a shimmering blue altar of Sif Muna.
  7140 | D:5      | Found a sacrificial altar of Ru.
  7142 | D:5      | Found a white marble altar of Elyvilon.
  8376 | D:6      | Reached skill level 10 in Stealth
  8585 | D:6      | Found Tun Sodgh's Distillery.
  8864 | D:6      | Reached XP level 9. HP: 44/44 MP: 11/17
  9118 | D:7      | Reached skill level 5 in Short Blades
  9210 | D:7      | Noticed Pikel
  9275 | D:7      | Killed Pikel
  9276 | D:7      | Reached skill level 11 in Stealth
  9416 | D:7      | Reached skill level 10 in Dodging
  9563 | D:7      | Noticed Menkaure
  9576 | D:7      | Killed Menkaure
  9803 | D:7      | Found a snail-covered altar of Cheibriados.
 10110 | D:7      | Reached XP level 10. HP: 24/51 MP: 13/18
 11085 | D:8      | Reached skill level 12 in Stealth
 11265 | D:8      | Found Goizac's Jewellery Shoppe.
 11471 | D:8      | Found a burning altar of Makhleb.
 11471 | D:8      | Noticed an Executioner
 11474 | D:8      | Noticed an orange demon
 11579 | D:8      | Noticed Grum
 11616 | D:8      | Killed Grum
 11822 | D:8      | Reached skill level 5 in Fighting
 12127 | D:8      | Bought the ring "Huheklie" {Dex+3 Slay+4} for 1095 gold
                  | pieces
 12139 | D:8      | Learned a level 3 spell: Dazzling Flash
 12172 | D:9      | Noticed a death yak
 12177 | D:9      | Noticed a death yak
 12182 | D:9      | Noticed a death yak
 12337 | D:9      | Found a shadowy altar of Dithmenos.
 12616 | D:9      | Killed a death yak
 13091 | D:9      | Found a staircase to the Lair.
 13211 | D:9      | Reached skill level 13 in Stealth
 13221 | D:9      | Reached XP level 11. HP: 56/56 MP: 7/19
 13291 | D:9      | Found a staircase to the Orcish Mines.
 13470 | D:9      | Killed a death yak
 13690 | D:9      | Killed a death yak
 14097 | D:10     | Entered Level 10 of the Dungeon
 14503 | D:10     | Found Onkak's Assorted Antiques.
 14674 | D:10     | Found Unuuny's Antique Weapon Shop.
 14833 | D:10     | Found Nyrosony's Assorted Antiques.
 14843 | D:10     | Bought a scroll of enchant weapon for 135 gold pieces
 16099 | D:11     | Noticed a cyan ugly thing
 16131 | D:11     | Killed a cyan ugly thing
 16447 | D:11     | Reached skill level 10 in Hexes
 16455 | D:11     | Reached skill level 14 in Stealth
 16972 | D:10     | Bought a +2 buckler of protection for 322 gold pieces
 17046 | Lair:1   | Entered Level 1 of the Lair of Beasts
 17087 | Lair:1   | Noticed an oklob plant
 17130 | Lair:1   | Noticed a four-headed hydra
 17177 | Lair:1   | Killed a four-headed hydra
 17182 | Lair:1   | Reached XP level 12. HP: 62/62 MP: 14/23
 17445 | Lair:1   | Found a gate leading to a gauntlet.
 18618 | Lair:2   | Reached skill level 15 in Stealth
 19106 | Lair:2   | Noticed an eight-headed hydra
 19137 | Lair:2   | Killed an eight-headed hydra
 19231 | Lair:2   | Noticed a seven-headed hydra
 19245 | Lair:2   | Killed a seven-headed hydra
 19275 | Lair:2   | Found a staircase to the Swamp.
 19292 | Swamp:1  | Entered Level 1 of the Swamp
 19293 | Swamp:1  | Noticed an eleionoma
 19577 | Lair:3   | Found a dark tunnel.
 19586 | Volcano  | Entered a volcano
 19750 | Volcano  | Reached skill level 16 in Stealth
 20240 | Volcano  | Reached XP level 13. HP: 44/67 MP: 3/24
 20388 | Volcano  | Noticed a fire dragon
 20402 | Volcano  | Killed a fire dragon
 20403 | Volcano  | Reached skill level 15 in Dodging
 20407 | Volcano  | Reached skill level 10 in Short Blades
 20853 | Lair:3   | Got a slimy cloak
 20863 | Lair:3   | Identified the -1 cloak of Valiance {+Fly Str+4} (You found
                  | it on level 3 of the Lair of Beasts)
 21404 | Lair:3   | Bought a slimy robe for 199 gold pieces
 21414 | Lair:3   | Identified the +2 robe "Womniess" {rF+} (You bought it in a
                  | shop on level 3 of the Lair of Beasts)
 21662 | Lair:4   | Found a hole to the Spider Nest.
 21809 | Lair:4   | Got a fine jade ring
 21811 | Lair:4   | Identified the ring of Uchuown {Ice *Contam +Inv rPois
                  | Slay+5} (You found it on level 4 of the Lair of Beasts)
 21999 | Orc:1    | Entered Level 1 of the Orcish Mines
 21999 | Orc:1    | Noticed an ettin
 22003 | Orc:1    | Killed an ettin
 22004 | Orc:1    | Reached skill level 17 in Stealth
 22069 | Orc:1    | Learned a level 4 spell: Cause Fear
 22658 | Orc:2    | Entered Level 2 of the Orcish Mines
 23894 | Orc:2    | Reached skill level 18 in Stealth
 23984 | Orc:2    | Found Peiliriafe's Magic Scroll Shoppe.
 23984 | Orc:2    | Found Fibrih's Assorted Antiques.
 23985 | Orc:2    | Found Zonkubb's Magic Scroll Shoppe.
 23985 | Orc:2    | Found Ovvibiun's Antique Armour Emporium.
 24180 | Lair:3   | Bought a brightly glowing robe for 199 gold pieces
 24190 | Lair:3   | Identified the +2 robe "Ywkoezup" {rPois Dex+3} (You bought
                  | it in a shop on level 3 of the Lair of Beasts)
 24190 | Lair:3   | Bought an ancient robe for 199 gold pieces
 24200 | Lair:3   | Identified the cursed +1 robe of the Armadillo {Str+4} (You
                  | bought it in a shop on level 3 of the Lair of Beasts)
 24457 | Orc:2    | Found Pithavog's Jewellery Shop.
 24460 | Orc:2    | Bought the ring of Dexith {rElec rF+ rN+ Dex-2 Stlth+} for
                  | 500 gold pieces
 24902 | Orc:2    | Found a staircase to the Elven Halls.
 25624 | Lair:4   | Reached XP level 14. HP: 68/73 MP: 6/25
 25891 | Lair:4   | Found a runed translucent door.
 27738 | Lair:5   | Found a staircase to the Slime Pits.
 28127 | Lair:6   | Entered Level 6 of the Lair of Beasts
 28153 | Lair:6   | Reached skill level 19 in Stealth
 29072 | Lair:6   | HP: 3/74 [death yak (29)]
 30620 | Lair:6   | Reached XP level 15. HP: 79/79 MP: 21/28
 31083 | Lair:6   | Reached skill level 20 in Stealth
 31110 | Lair:6   | Got a clouded copper ring
 31132 | Lair:6   | Identified the ring of Fedhas's Pride {rC++ rN+ Dex+2
                  | Stlth-} (You found it on level 6 of the Lair of Beasts)
 31580 | D:10     | Bought the amulet of Qorutamm {Reflect Int+3 SH+5} for 822
                  | gold pieces
 31729 | Spider:1 | Entered Level 1 of the Spider Nest
 31840 | Swamp:1  | Noticed a thorn hunter
 33267 | D:13     | Noticed Rupert
 33687 | D:13     | Killed Rupert
 33711 | D:13     | Found a frozen archway.
 33916 | IceCv    | Entered an ice cave
 34566 | IceCv    | Identified the cursed +2 scimitar "Vunaz" {freeze, Will+
                  | Dex+2}
 34641 | IceCv    | Found the +8 glaive of the Guard {elec, spectral, AC+5}
 34981 | D:13     | Reached skill level 10 in Spellcasting
 35099 | D:13     | Found a gate to the Vaults.
 36602 | D:14     | Reached skill level 10 in Fighting
 36904 | D:14     | Reached XP level 16. HP: 85/85 MP: 20/31
 37329 | D:10     | Bought a scroll of identify for 36 gold pieces
 37374 | D:10     | Bought a scroll of identify for 48 gold pieces
 37374 | D:10     | Bought a scroll of identify for 48 gold pieces
 37380 | D:10     | Gained mutation: You are somewhat resistant to further
                  | mutation. [potion of mutation]
 37380 | D:10     | Gained mutation: Your system is resistant to poisons.
                  | (rPois) [potion of mutation]
 37381 | D:10     | Lost mutation: You are somewhat resistant to further
                  | mutation. [potion of mutation]
 37381 | D:10     | Lost mutation: Your system is resistant to poisons. (rPois)
                  | [potion of mutation]
 37381 | D:10     | Gained mutation: You have a pair of small horns on your
                  | head. [potion of mutation]
 37381 | D:10     | Gained mutation: Potions are less effective at restoring
                  | your health. [potion of mutation]
 37381 | D:10     | Gained mutation: You have a somewhat thin skeletal
                  | structure. (Dex +2, Stealth) [potion of mutation]
 37532 | Slime:1  | Entered Level 1 of the Pits of Slime
 37532 | Slime:1  | Noticed an acid blob
 37881 | Lair:4   | Reached skill level 21 in Stealth
 38347 | Spider:1 | Got a pitted lajatang
 39435 | Spider:2 | Identified a scroll of acquirement
 39436 | Spider:2 | Acquired 909 gold pieces
 39441 | Spider:2 | Learned a level 2 spell: Blink
 39644 | Spider:2 | Reached skill level 1 in Translocations
 40454 | Spider:3 | Acquired 1069 gold pieces
 40622 | Spider:3 | Reached skill level 15 in Hexes
 40872 | Spider:3 | Learned a level 3 spell: Gell's Gravitas
 40876 | Spider:3 | Learned a level 3 spell: Lesser Beckoning
 41256 | Spider:3 | Found a runed translucent gate.
 41256 | Spider:3 | Found a runed translucent gate.
 41257 | Spider:3 | Found a runed translucent gate.
 41259 | Spider:3 | Noticed Vubreenic's ghost (adept CeHu)
 41260 | Spider:3 | Noticed brucemayne's ghost (journeyman HOMo)
 41261 | Spider:3 | Noticed Qyadack's ghost (adept HOFi)
 41261 | Spider:3 | Noticed Zosacw's ghost (adept HaHu)
 41713 | Spider:4 | Entered Level 4 of the Spider Nest
 42021 | Spider:4 | Noticed Nikola
 42359 | Spider:4 | Reached XP level 17. HP: 82/91 MP: 30/34
 42383 | Spider:4 | Noticed Arachne
 42969 | Spider:4 | HP: 4/91 [Nikola/chain lightning (13)]
 42969 | Spider:4 | Killed from afar by Nikola

Illustrated notes

Levels and vault maps discovered:
D:1:      dpeg_arrival_brainrot, layout_rooms, hangedman_decor_growths
D:2:      kennysheep_six_static_rooms, layout_loops_ring,
          kennysheep_cluttered_room, uniq_sigmund
D:3:      wad_crossroads, layout_basic, ebering_ghost_gozag,
          portal_sewer_entry_f
D:4:      layout_cave_pools, minmay_temple_entry_mini_moons, minmay_surrounded,
          uniq_ijyb
D:5:      layout_basic, vehumet_altar_wand_db,
          chequers_temple_overflow_minitemple, corexii_leaking_fountain
D:6:      layout_loops_ring, serial_shops, shop
D:7:      layout_basic, basic_altar, interstate_on_off, hangedman_misty_isle,
          uniq_menkaure, uniq_pikel
D:8:      layout_rooms, serial_shops, shop_statue, serial_corexii_hall,
          chequers_hall_statues_y, chequers_hall_statues_wall_a,
          makhleb_altar_promises_db, uniq_grum
D:9:      layout_rooms, nicolae_dithmenos_through_a_glass_darkly,
          dpeg_lair_monsters, hiddenorc1_lemuel
D:10:     layout_gridville, serial_shops, nicolae_shop_crystal, shop,
          nicolae_shop_statue_plus
D:11:     layout_cave_pools, special_room [special_room_bee]
D:12:     layout_basic
D:13:     layout_cross, grunt_vaults_entry_fortified, portal_ice_cave_rime,
          uniq_rupert
D:14:     layout_loops_ring, nicolae_two_hexagons, wad_floor_pattern_2
Lair:1:   layout_chaotic_city, gauntlet_entry_generic, minmay_lair_oklob_chamber
Lair:2:   layout_loops_ring, palyth_hydra_swamp_entry
Lair:3:   layout_gridlike, enter_volcano_2
Lair:4:   gammafunk_lair_enchanted_lake, layout_layer_cave,
          nicolae_spider_entry_non_spiders, infiniplex_staircase_pool_2
Lair:5:   layout_cave_pods, minmay_slime_entry_pillars, st_stairs_3,
          grunt_megastairs_3
Lair:6:   gammafunk_lair_ancient_temple, layout_regular_city, wad_woods_01
Swamp:1:  layout_falls_marsh, nicolae_swamp_round_clearing
Spider:1: layout_spider_delve
Spider:2: layout_spider_delve, nicolae_spider_cling_ruins
Spider:3: layout_spider_delve, gammafunk_ghost_cemetery,
          spiders_nest_ghost_moth_duel
Spider:4: grunt_spider_rune_circles, uniq_nikola, uniq_arachne
Slime:1:  cheibrodos_slime_lost_civilization_3, layout_caves
Orc:1:    layout_caves, mines4_lemuel
Orc:2:    st_orc_pillars, layout_caves, serial_shops, nicolae_shop_behind_doors

Skill      XL: |  1  2  3  4  5  6  7  8  9 10 11 12 13 14 15 16 17 |
---------------+----------------------------------------------------+-----
Spellcasting   | 3 4 5 7 8 10 12 | 12.6
Stealth        | 6 7 8 10 11 13 14 16 18 19 20 21 | 21.1
Hexes          | 4 5 6 7 9 10 11 12 13 14 15 | 15.4
Short Blades   | 2 3 4 6 7 8 9 10 | 10.0
Fighting       | 1 2 3 4 5 6 7 8 9 10 11 | 11.2
Dodging        | 4 5 6 7 9 10 11 13 14 16 18 19 20 | 20.6
Translocations | 3 4 |  4.8

Action                   |  1- 3 |  4- 6 |  7- 9 | 10-12 | 13-15 | 16-18 || total
-------------------------+-------+-------+-------+-------+-------+-------++-------
Melee: Dagger            |    99 |    79 |   370 |   589 |  1255 |   562 ||  2954
       Headbutt          |       |       |       |       |       |   117 ||   117
Throw: Dart              |       |     4 |       |     1 |       |       ||     5
 Cast: Corona            |    15 |       |       |       |       |       ||    15
       Ensorcelled Hiber |    31 |    26 |    83 |    84 |   121 |    73 ||   418
       Tukima's Dance    |     3 |       |    25 |    25 |    80 |       ||   133
       Confusing Touch   |       |     5 |    21 |    47 |    66 |    20 ||   159
       Dazzling Flash    |       |       |       |    41 |    91 |    46 ||   178
       Cause Fear        |       |       |       |       |     2 |     1 ||     3
       Gell's Gravitas   |       |       |       |       |       |     2 ||     2
       Blink             |       |       |       |       |       |     3 ||     3
Invok: Call Merchant     |       |       |       |     2 |     3 |       ||     5
 Abil: Evoke Flight      |       |       |       |       |     1 |       ||     1
Evoke: Wand              |       |       |       |       |       |     1 ||     1
  Use: Scroll            |       |     8 |     8 |    10 |    10 |    20 ||    56
       Potion            |       |       |     2 |     5 |    11 |     6 ||    24
 Stab: Sleeping          |    20 |    15 |    63 |    72 |   135 |    70 ||   375
       Distracted        |     1 |       |     2 |     9 |    18 |    10 ||    40
       Confused          |       |     1 |    18 |    33 |    48 |    19 ||   119
       Invisible         |       |       |       |    29 |    90 |    58 ||   177
Armor: Robe              |     7 |     6 |    22 |    10 |    51 |    19 ||   115
Dodge: Dodged            |    82 |   144 |   239 |   349 |   642 |   538 ||  1994
Block: Buckler           |       |       |    38 |   120 |   380 |   417 ||   955
       Reflection        |       |       |       |       |    41 |       ||    41
